 Dungeon Crawl Stone Soup version 0.32-a0-433-g08bcfe7efd (webtiles) character file.

Game seed: 9022109931869761403

806 javelincjr the Trooper (level 7, -1/64 HPs)
             Began as a Mountain Dwarf Monk on Feb 22, 2024.
             Was a Believer of Beogh.
             Slain by a gnoll
             ... wielding a +0 halberd
              (11 damage)
             ... on level 5 of the Dungeon.
             The game lasted 00:17:13 (3694 turns).

javelincjr the Trooper (Mountain Dwarf Monk)        Turns: 3694, Time: 00:17:13

Health: -1/64      AC:  6    Str: 16    XL:     7   Next: 60%
Magic:  7/7        EV: 12    Int: 10    God:    Beogh [**....]
Gold:   232        SH:  0    Dex: 12    Spells: 6/6 levels left

rFire   . . .        j - +2 war axe (vamp)
rCold   . . .        d - orb {light}
rNeg    + . .        h - +0 troll leather armour {Pargi}
rPois   +            r - +0 helmet
rElec   .            l - +1 cloak {rPois}
rCorr   .            (no gloves)
SInv    .            (no boots)
Will    .....        (no amulet)
Stlth   +            b - ring of positive energy
HPRegen 1.10/turn    (no ring)
MPRegen 0.10/turn

%: no passive effects
@: brilliant, glowing
A: runic magic, artefact enchanting
a: Renounce Religion, Smiting


You were on level 5 of the Dungeon.
You worshipped Beogh.
Beogh was pleased with you.
You visited 1 branch of the dungeon, and saw 5 of its levels.
You also visited: Sewer.

You collected 232 gold pieces.

Inventory:

Hand Weapons
 a - a +0 hand axe of flaming
 j - a +2 vampiric war axe (weapon)
 k - a +2 dagger of protection
 s - a +4 mace
 w - a +1 hand axe of venom
Missiles
 n - 7 poisoned darts (quivered)
Armour
 d - an orb of light (worn)
 h - a +0 troll leather armour (worn) {Pargi}
 l - a +1 cloak of poison resistance (worn)
 r - a +0 helmet (worn)
Jewellery
 b - a ring of positive energy (left hand)
Wands
 v - a wand of polymorph (12)
Scrolls
 g - a scroll of brand weapon
Potions
 c - a potion of ambrosia
 f - a potion of cancellation
 i - 2 potions of haste
 m - 2 potions of curing
 p - a potion of mutation {unknown}
 q - 2 potions of invisibility
 t - 3 potions of enlightenment
 u - a potion of berserk rage {unknown}


   Skills:
 * Level 6.7 Fighting
 + Level 5.9 Axes
 + Level 3.6 Armour
 + Level 3.6 Dodging


You had 6 spell levels left.
You didn't know any spells.
Your spell library contained the following spells:

 Spells                   Type           Power      Damage    Failure   Level
 Call Canine Familiar     Summ           0%         N/A       75%         3
 Inner Flame              Hex/Fire       0%         N/A       75%         3
 Sigil of Binding         Hex            0%         N/A       75%         3
 Dimensional Bullseye     Hex/Tloc       0%         N/A       98%         4
 Flame Wave               Conj/Fire      0%         2d4       98%         4
 Sticky Flame             Fire/Alch      0%         2d4       98%         4


Dungeon Overview and Level Annotations

Branches:
Dungeon (5/15)             Temple (0/1) D:5           Sewer (visited)

Altars:
Makhleb

Annotations:
D:4 1 runed translucent door


Innate Abilities, Weirdness & Mutations

Your facial features look somewhat orcish.
Your spellcasting is much less encumbered by armour.
You can use scrolls of enchantment on lesser artefacts.


Message History

* * * LOW HITPOINT WARNING * * *
The gnoll attacks as it pursues you! The gnoll barely misses you.
As you read the scroll of teleportation, it crumbles to dust.
You feel strangely unstable. The adder misses you.
The lemure barely misses you.
The gnoll hits you from afar with a +0 halberd.
* * * LOW HITPOINT WARNING * * *
The gnoll barely misses you. The gnoll attacks as it pursues you!
The gnoll hits you from afar with a +0 halberd!
* * * LOW HITPOINT WARNING * * *
You see here 3 poisoned darts.
The adder attacks as it pursues you! The adder barely misses you.
A scorpion comes into view.
The adder bites you.
* * * LOW HITPOINT WARNING * * *
You slash the adder!
You feel better.
The adder is almost dead.
You barely miss the lemure.
Your surroundings seem slightly different.
The adder bites you.
* * * LOW HITPOINT WARNING * * *
You hit the adder.
You feel better.
You kill the adder!
Beogh accepts your kill.
You hit the lemure. The lemure hits you but does no damage.
The gnoll hits you from afar with a +0 halberd.
* * * LOW HITPOINT WARNING * * *
The gnoll closely misses you.
You hit the lemure.
The lemure is moderately wounded.
The lemure misses you.
The gnoll hits you from afar with a +0 halberd.
* * * LOW HITPOINT WARNING * * *
The gnoll closely misses you.
It was a potion of brilliance.
You feel clever all of a sudden. The lemure closely misses you.
The gnoll hits you from afar with a +0 halberd!
You die...

##ß..ß## .....
#...>..##...
#..........
#ß))ß#..#
###..##..#
#........#
##gg...<.##
#5†s......#
#.@.....#.....
#.......# ß.>.
######### .$.
ß. #


You could see a lemure, a scorpion and 2 gnolls.

Vanquished Creatures
  Sigmund (D:2)
  The ghost of Jigsaw the Trooper, an amateur FoBe of Trog (D:4)
  An ice beast (D:3)
  Pargi (Sewer)
  2 hounds (D:4)
  An orc priest (D:4)
  An iguana (D:4)
  An orc wizard (D:4)
  Robin (D:4)
  2 gnolls (D:5)
  7 adders
  An ufetubus (D:5)
  A dart slug (D:3)
  4 ribbon worms
  10 orcs (D:4)
  3 endoplasms
  4 giant cockroaches
  14 goblins
  8 hobgoblins
  6 jackals
  12 kobolds
  12 quokkas
  8 ball pythons
  A bat (D:3)
  4 frilled lizards
  3 rats
110 creatures vanquished.

Notes
Turn   | Place    | Note
-------+----------+-------------------------------------------
     0 | D:1      | javelincjr the Mountain Dwarf Monk began the quest for the
                  | Orb.
     0 | D:1      | Reached XP level 1. HP: 19/19 MP: 1/1
   287 | D:1      | Reached XP level 2. HP: 22/26 MP: 2/2
   971 | D:2      | Reached XP level 3. HP: 12/33 MP: 3/3
  1099 | D:2      | Reached skill level 4 in Fighting
  1251 | D:2      | Reached skill level 1 in Armour
  1255 | D:2      | Reached XP level 4. HP: 37/40 MP: 4/4
  1321 | D:2      | Noticed Sigmund
  1384 | D:2      | Killed Sigmund
  1385 | D:2      | Reached skill level 5 in Fighting
  1385 | D:2      | Reached skill level 5 in Axes
  1385 | D:2      | Reached XP level 5. HP: 38/48 MP: 5/5
  1760 | D:3      | Reached XP level 6. HP: 41/56 MP: 6/6
  1897 | D:3      | Found a glowing drain.
  1915 | Sewer    | Entered a sewer
  1970 | Sewer    | Noticed Pargi
  1990 | Sewer    | Killed Pargi
  2137 | D:3      | Noticed an ice beast
  2163 | D:3      | Killed an ice beast
  2164 | D:3      | Reached skill level 6 in Fighting
  2543 | D:4      | Reached XP level 7. HP: 63/63 MP: 7/7
  2735 | D:4      | Noticed Robin
  2743 | D:4      | Killed Robin
  2994 | D:4      | Found a runed translucent door.
  3088 | D:4      | Noticed Jigsaw's ghost (amateur FoBe)
  3117 | D:4      | Found a runed translucent door.
  3391 | D:4      | Found a burning altar of Makhleb.
  3453 | D:4      | Became a worshipper of Beogh the Shepherd
  3453 | D:4      | Reached * piety under Beogh
  3453 | D:4      | Reached ** piety under Beogh
  3579 | D:4      | Killed Jigsaw's ghost
  3678 | D:5      | Entered Level 5 of the Dungeon
  3678 | D:5      | Found a staircase to the Ecumenical Temple.
  3694 | D:5      | Slain by a gnoll

Illustrated notes

Levels and vault maps discovered:
D:1:      giann_horns, layout_loops_ring
D:2:      layout_basic, uniq_sigmund
D:3:      layout_basic, portal_sewer_entry_f
D:4:      layout_basic, mainiacjoe_overflow_brackets, ebering_ghost_sewer_f,
          uniq_robin
D:5:      layout_rooms, grunt_temple_overflow_open,
          minmay_temple_entry_statues_pillars, gammafunk_ghost_smash,
          st_stairs_6, uniq_pikel

Skill      XL: |  1  2  3  4  5  6 |
---------------+-------------------+-----
Axes           | 4 5 |  5.9
Fighting       | 4 5 6 |  6.7
Armour         | 1 2 3 |  3.6
Dodging        | 3 |  3.6

Action                     |  1- 3 |  4- 6 |  7- 9 || total
---------------------------+-------+-------+-------++-------
  Melee: Hand axe          |   115 |   113 |    46 ||   274
         War axe           |       |       |    49 ||    49
         Unarmed           |       |       |    26 ||    26
  Throw: Dart              |       |     8 |       ||     8
 Invoke: Convert to Beogh  |       |       |     1 ||     1
    Use: Potion            |       |     2 |     1 ||     3
         Scroll            |       |     3 |     5 ||     8
 Armour: Leather armour    |    56 |    56 |       ||   112
         Robe              |     1 |       |       ||     1
         Troll leather arm |       |     7 |    74 ||    81
  Dodge: Dodged            |    68 |    70 |    74 ||   212

Table legend: (Time is in decaauts)
 A = Elapsed time spent in this place.
 B = Non-inter-level travel time spent in this place.
 C = Inter-level travel time spent in this place.
 D = Time resting spent in this place.
 E = Time spent auto-exploring this place.
 F = Levels seen in this place.
 G = Mean time per level.
                   A        B        C        D        E       F      G
               +--------+--------+--------+--------+--------+-----+--------+
         Total |   3738 |   3592 |    146 |      0 |   2636 |   6 |  623.0 |
       Dungeon |   3552 |   3406 |    146 |      0 |   2526 |   5 |  710.4 |
         Sewer |    186 |    186 |      0 |      0 |    110 |   1 |  186.0 |
               +--------+--------+--------+--------+--------+-----+--------+

Top non-repeatable levels by time:
     D:4: 1154 daAuts
     D:2: 848 daAuts
     D:1: 798 daAuts
     D:3: 734 daAuts
   Sewer: 186 daAuts
     D:5: 17 daAuts
